 Dungeon Crawl Stone Soup version 0.28.0 (webtiles) character file.

Game seed: 3943385167809014729

6612 browni3141 the Cleaver (level 10, -12/94 HPs)
             Began as a Minotaur Berserker on Feb 17, 2022.
             Was a Priest of Trog.
             Mangled by a komodo dragon (14 damage)
             ... on level 9 of the Dungeon.
             The game lasted 00:06:34 (12051 turns).

browni3141 the Cleaver (Minotaur Berserker)        Turns: 12051, Time: 00:06:35

Health: -12/94     AC: 21    Str: 36    XL:     10   Next: 71%
Magic:  0/18       EV: 10    Int:  4    God:    Trog [***...]
Gold:   388        SH:  0    Dex:  9    Spells: 9/9 levels left

rFire   + . .      SeeInvis .   a - +0 hand axe
rCold   . . .      Faith    .   (no shield)
rNeg    . . .      Spirit   +   P - +3 chain mail
rPois   .          Reflect  .   (helmet restricted)
rElec   .          Harm     .   E - scarf {repulsion}
rCorr   .          Rampage  .   D - +0 pair of gloves
Will    .....                   N - +0 pair of boots
Stlth   ..........              G - amulet of guardian spirit
HPRegen 0.25/turn               r - ring of Puihuurac {rF+ MP+9 Str+9}
MPRegen 0.16/turn               O - +4 ring of protection

@: on berserk cooldown, slowed, repel missiles, very slow
A: horns 2, retaliatory headbutt
a: Renounce Religion, Berserk, Trog's Hand


You were on level 9 of the Dungeon.
You worshipped Trog.
Trog was most pleased with you.
You visited 1 branch of the dungeon, and saw 9 of its levels.
You also visited: Ossuary.

You collected 508 gold pieces.
You spent 120 gold pieces at shops.


Innate Abilities, Weirdness & Mutations

You have a pair of horns on your head.
You reflexively headbutt those who attack you in melee.


   Skills:
 + Level 10.5 Fighting
 * Level 14.1 Axes
 + Level 10.1 Armour
 - Level 2.1 Dodging


You had 9 spell levels left.
You didn't know any spells.
Your spell library was empty.

Inventory:

Hand Weapons
 a - a +0 hand axe (weapon)
Armour
 b - a +0 animal skin
 l - a +0 cloak
 p - a +1 leather armour of cold resistance
 z - a +0 chain mail
 B - a +0 plate armour
 D - a +0 pair of gloves (worn)
 E - a scarf of repulsion (worn)
 L - a +0 pair of boots
 N - a +0 pair of boots (worn)
 P - a +3 chain mail (worn)
Jewellery
 r - the ring of Puihuurac (left hand) {rF+ MP+9 Str+9}
   (You found it on level 4 of the Dungeon)

   [ring of magical power]

   Str:       It affects your strength (+9).
   rF:        It protects you from fire.
   MP:        It affects your magic capacity (+9).
 G - an amulet of guardian spirit (around neck)
 I - a +6 ring of intelligence
 O - a +4 ring of protection (right hand)
 W - a ring of magical power
Wands
 i - a wand of mindburst (10)
 m - a wand of digging (3)
 u - a wand of paralysis (9)
 K - a wand of iceblast (28)
Scrolls
 d - 4 scrolls of fog {unknown}
 f - a scroll of vulnerability {unknown}
 o - 3 scrolls of immolation {unknown}
 q - 7 scrolls of identify {unknown}
 s - 2 scrolls of blinking {unknown}
 y - a scroll of silence {unknown}
 A - a scroll of fear {unknown}
 F - 2 scrolls of teleportation {unknown}
 H - a scroll of enchant armour {unknown}
 J - a scroll of brand weapon {unknown}
 M - a scroll of noise {unknown}
Potions
 c - 3 potions of resistance {unknown}
 e - a potion of cancellation {unknown}
 g - 3 potions of attraction {unknown}
 h - 2 potions of heal wounds {unknown}
 j - a potion of haste {unknown}
 k - 3 potions of mutation {unknown}
 n - a potion of might {unknown}
 t - 2 potions of lignification {unknown}
 v - a potion of flight {unknown}
 w - 4 potions of curing {@q1}
 x - 3 potions of brilliance
 C - a potion of degeneration {unknown}

Dungeon Overview and Level Annotations

Branches:
Dungeon (9/15)             Temple (0/1) D:6         Ossuary (visited)
   Lair: D:8-11         Orc: D:9-12

Altars:
Okawaru

Shops:
D:7 *

Annotations:
D:7 3 runed translucent doors, browni3141's ghost, novice MiBe; pkoi's ghost, novice DrAE; reversiblehash's ghost, novice MiFi

.¦ .. ....¦¦¦¦¦.....
..¦ ¦. ¦............¦
...¦¦. ¦.<...........
¦.¦..¦¦¦¦¦.............
¦................... ¦
¦¦¦.¦.J.............
¦...J.¦¦¦.....¦¦¦¦¦¦¦¦¦
¦..J.¦¦¦¦.¦¦.¦¦ ¦¦...
¦....l@...¦¦..¦ ¦¦....
¦.¦¦¦...¦¦¦¦¦.¦¦¦¦.)...
¦ ¦.¦.... ¦..........
¦.¦¦¦¦...¦¦¦¦¦.....
¦......... ........
¦¦¦¦...... ........
¦.....¦¦¦¦¦¦.... ¦.....
..... ....... ¦.....


You could see a slime creature and a komodo dragon.


Message History

You hit the komodo dragon. The komodo dragon bites you!
* * * LOW HITPOINT WARNING * * *
The slime creature barely misses you. You furiously retaliate!
You headbutt the slime creature!!
You kill the slime creature!
Trog accepts your kill.
You hit the komodo dragon but do no damage.
The komodo dragon is lightly wounded.
A slime creature comes into view.
The komodo dragon bites you!
* * * LOW HITPOINT WARNING * * *
The slime creature quivers.
The komodo dragon bites you!
* * * LOW HITPOINT WARNING * * *
The komodo dragon closely misses you. You furiously retaliate!
You headbutt the komodo dragon!
Two slime creatures merge to form a large slime creature.
The komodo dragon bites you!
* * * LOW HITPOINT WARNING * * *
The komodo dragon bites you but does no damage.
The komodo dragon barely misses you. The komodo dragon barely misses you.
You furiously retaliate!
You headbutt the komodo dragon.
The komodo dragon bites you but does no damage.
The large slime creature completely misses you.
A large slime creature splits.
The komodo dragon bites you!
* * * LOW HITPOINT WARNING * * *
The komodo dragon bites you!
You die...

Skill      XL: |  1  2  3  4  5  6  7  8  9 10 |
---------------+-------------------------------+-----
Axes           | 4 5 6 7 8 11 12 14 | 14.1
Fighting       | 4 5 6 8 9 10 | 10.5
Armour         | 3 4 5 6 7 9 10 | 10.1
Dodging        | |  2.1

Action                   |  1- 3 |  4- 6 |  7- 9 | 10-12 || total
-------------------------+-------+-------+-------+-------++-------
Melee: Hand axe          |    92 |    93 |   282 |    99 ||   566
       Headbutt          |     8 |    12 |    53 |    19 ||    92
       Punch             |     3 |       |     4 |     3 ||    10
Invok: Berserk           |     1 |     4 |    10 |     5 ||    20
       Trog's Hand       |       |     1 |       |     2 ||     3
Evoke: Wand              |       |       |       |     1 ||     1
  Use: Potion            |       |       |       |     2 ||     2
 Stab: Sleeping          |     1 |       |       |       ||     1
Armor: Animal skin       |    15 |    16 |       |       ||    31
       Leather armour    |       |     6 |    35 |       ||    41
       Plate armour      |       |       |    63 |    63 ||   126
       Chain mail        |       |       |    17 |    12 ||    29
Dodge: Dodged            |    49 |    61 |   118 |    70 ||   298
       Repelled          |       |       |     1 |     1 ||     2

Levels and vault maps discovered:
D:1:      dpeg_arrival_oval, layout_basic
D:2:      layout_loops_ring, nicolae_ecumenical_oubliette,
          chequers_serial_rivers_micro_a, uniq_crazy_yiuf_cottage
D:3:      layout_loops_cross, hex_tiny, dk_noncrumbling_3, uniq_grinder,
          uniq_ijyb
D:4:      layout_loops_cross, okawaru_gym_becter
D:5:      layout_loops_ring, nicolae_ossuary_entry_catacombs
D:6:      minmay_evil_eye, layout_loops_ring, minmay_temple_entry_waves,
          serial_glass, glass_columns_c, glass_columns_a, gammafunk_ghost_grave,
          lightli_minifort
D:7:      layout_loops_ring, serial_shops, nicolae_shop_statue_plus,
          gammafunk_ghost_cemetery, nicolae_zen_rock_garden
D:8:      layout_rooms, kennysheep_kite_vault, uniq_joseph
D:9:      layout_rooms, due_lair_maze_entry_diamond, serial_shops, shop

Notes
Turn   | Place    | Note
-------+----------+-------------------------------------------
     0 | D:1      | browni3141 the Minotaur Berserker began the quest for the
                  | Orb.
     0 | D:1      | Reached XP level 1. HP: 19/19 MP: 0/0
   218 | D:1      | Reached skill level 4 in Axes
   218 | D:1      | Reached XP level 2. HP: 25/27 MP: 1/1
   794 | D:1      | Reached skill level 4 in Fighting
   882 | D:1      | Reached skill level 3 in Armour
   928 | D:1      | Reached ** piety under Trog
   929 | D:1      | Reached XP level 3. HP: 33/33 MP: 2/2
  1449 | D:2      | Found a faded altar of an unknown god.
  1719 | D:2      | Found a runed translucent door.
  1720 | D:2      | Noticed Crazy Yiuf
  2133 | D:2      | Killed Crazy Yiuf
  2134 | D:2      | Reached skill level 5 in Axes
  2134 | D:2      | Reached XP level 4. HP: 25/41 MP: 3/3
  2354 | D:3      | Noticed Ijyb
  2363 | D:3      | Killed Ijyb
  2392 | D:3      | Reached XP level 5. HP: 41/47 MP: 4/4
  2842 | D:3      | Reached skill level 4 in Armour
  3186 | D:3      | Noticed Grinder
  3206 | D:3      | Killed Grinder
  3207 | D:3      | Reached skill level 5 in Fighting
  3207 | D:3      | Reached skill level 6 in Axes
  3207 | D:3      | Reached XP level 6. HP: 20/56 MP: 5/5
  3738 | D:4      | Identified the ring of Puihuurac {rF+ MP+9 Str+9}
  4273 | D:4      | Reached skill level 7 in Axes
  4370 | D:4      | Found an iron altar of Okawaru.
  4837 | D:5      | Entered Level 5 of the Dungeon
  4850 | D:5      | Reached skill level 5 in Armour
  4850 | D:5      | Reached XP level 7. HP: 61/61 MP: 6/6
  5007 | D:5      | Reached skill level 6 in Fighting
  5008 | D:5      | Reached skill level 8 in Axes
  5334 | D:5      | Reached skill level 6 in Armour
  5355 | D:5      | Found a sand-covered staircase.
  5361 | Ossuary  | Entered an ossuary
  5366 | Ossuary  | Reached XP level 8. HP: 51/71 MP: 7/7
  5370 | Ossuary  | Reached *** piety under Trog
  5741 | Ossuary  | Reached skill level 9 in Axes
  6058 | D:5      | Reached skill level 7 in Fighting
  6735 | D:6      | Found a staircase to the Ecumenical Temple.
  7072 | D:6      | Reached skill level 10 in Axes
  7072 | D:6      | Reached skill level 7 in Armour
  7898 | D:6      | Found a runed translucent door.
  7898 | D:6      | Noticed Alacron's ghost (novice HOFi)
  8504 | D:6      | Killed Alacron's ghost
  8505 | D:6      | Reached skill level 8 in Fighting
  8505 | D:6      | Reached skill level 11 in Axes
  8505 | D:6      | Reached XP level 9. HP: 81/81 MP: 8/8
  8848 | D:7      | Found Ryshepso's General Store.
  8856 | D:7      | Bought a scarf of repulsion for 120 gold pieces
  8873 | D:7      | Found a runed translucent gate.
  8874 | D:7      | Found a runed translucent gate.
  8876 | D:7      | Found a runed translucent gate.
  8878 | D:7      | Noticed reversiblehash's ghost (novice MiFi)
  8878 | D:7      | Noticed browni3141's ghost (novice MiBe)
  9044 | D:7      | Reached skill level 8 in Armour
  9849 | D:7      | Noticed pkoi's ghost (novice DrAE)
 10269 | D:8      | Reached skill level 9 in Fighting
 10269 | D:8      | Reached skill level 12 in Axes
 10319 | D:8      | Noticed Joseph
 10320 | D:8      | Reached **** piety under Trog
 10332 | D:8      | Killed Joseph
 10350 | D:8      | Reached skill level 9 in Armour
 10359 | D:8      | Reached XP level 10. HP: 89/91 MP: 9/9
 10621 | D:8      | HP: 9/91 [orc warrior (5)]
 10626 | D:8      | HP: 6/91 [poisoned by a water moccasin]
 10670 | D:8      | HP: 9/91 [water moccasin (3)]
 10672 | D:8      | HP: 4/91 [poisoned by a water moccasin]
 10678 | D:8      | HP: 9/91 [orc wizard/magic dart (7)]
 11152 | D:8      | Reached skill level 13 in Axes
 11447 | D:8      | Noticed a two-headed ogre
 11455 | D:8      | Killed a two-headed ogre
 11456 | D:8      | Reached skill level 10 in Fighting
 11997 | D:9      | Noticed a two-headed ogre
 12015 | D:9      | Killed a two-headed ogre
 12016 | D:9      | Reached skill level 14 in Axes
 12016 | D:9      | Reached skill level 10 in Armour
 12039 | D:9      | HP: 7/94 [komodo dragon (12)]
 12049 | D:9      | HP: 1/94 [komodo dragon (10)]
 12051 | D:9      | Mangled by a komodo dragon

Vanquished Creatures
  2 two-headed ogres
  The ghost of Alacron the Protected, a novice HOFi of Dithmenos (D:6)
  Joseph (D:8)
  A troll (D:8)
  A hornet (D:7)
  A slime creature (D:9)
  Grinder (D:3)
  2 wraiths
  2 steam dragons (D:8)
  3 water moccasins
  3 orc warriors
  An ice beast (D:6)
  4 centaurs
  2 kobold brigands
  5 bullfrogs
  2 wyvern zombies
  A gnoll sergeant (D:8)
  3 scorpions
  A water moccasin zombie (D:5)
  2 elf skeletons (D:5)
  5 wights (D:8)
  A centaur zombie (D:8)
  3 human zombies
  4 jellies
  2 bullfrog zombies
  5 orc priests
  A bullfrog skeleton (D:5)
  4 hounds (D:5)
  2 iguanas
  Crazy Yiuf (D:2)
  Ijyb (D:3)
  A human skeleton (D:5)
  A scorpion zombie (D:5)
  5 orc wizards
  A killer bee zombie (D:7)
  A hound skeleton (D:4)
  4 mummies (Ossuary)
  A howler monkey zombie (D:8)
  4 gnolls (D:4)
  4 adders
  A shadow imp (D:7)
  A white imp (D:8)
  An adder zombie (Ossuary)
  An adder skeleton (D:2)
  3 worms
  3 dart slugs
  24 orcs
  4 endoplasms
  5 giant cockroaches
  4 hobgoblins
  4 jackals (D:3)
  17 kobolds
  3 quokkas
  11 ball pythons
  10 bats
  6 frilled lizards
  A gnoll zombie (Ossuary)
  4 goblins
  2 hobgoblin zombies (Ossuary)
  2 jackal zombies (Ossuary)
  3 kobold zombies (Ossuary)
  An orc skeleton (D:5)
  2 orc zombies
  3 rats
206 creatures vanquished.

Vanquished Creatures (others)
  35 fungi (D:9)
  36 plants (D:9)
71 creatures vanquished.

Grand Total: 277 creatures vanquished

Table legend: (Time is in decaauts)
 A = Elapsed time spent in this place.
 B = Non-inter-level travel time spent in this place.
 C = Inter-level travel time spent in this place.
 D = Time resting spent in this place.
 E = Time spent auto-exploring this place.
 F = Levels seen in this place.
 G = Mean time per level.
                   A        B        C        D        E       F      G
               +--------+--------+--------+--------+--------+-----+--------+
         Total |  12166 |  11851 |    315 |   2973 |   7383 |  10 | 1216.6 |
       Dungeon |  11748 |  11433 |    315 |   2869 |   7136 |   9 | 1305.3 |
       Ossuary |    418 |    418 |      0 |    103 |    247 |   1 |  418.0 |
               +--------+--------+--------+--------+--------+-----+--------+

Top non-repeatable levels by time:
     D:6: 2191 daAuts
     D:8: 1642 daAuts
     D:7: 1500 daAuts
     D:5: 1446 daAuts
     D:3: 1402 daAuts
     D:2: 1394 daAuts
     D:4: 1126 daAuts
     D:1: 963 daAuts
 Ossuary: 418 daAuts
     D:9: 81 daAuts

Table legend:
 A = Non-vault XP
 B = Vault XP
 C = Vault XP percentage of total XP
 D = Non-vault monster count
 E = Vault monster count
 F = Vault count percentage of total count
                 A         B        C        D         E       F
            +---------+---------+-------+---------+---------+-------
      Total |    4972 |    4474 |  47.4 |     155 |      51 |  24.8
            +---------+---------+-------+---------+---------+-------
        D:1 |      41 |       0 |   0.0 |      28 |       0 |   0.0
        D:2 |      49 |      37 |  43.0 |      17 |       1 |   5.6
        D:3 |     107 |     294 |  73.3 |      24 |       2 |   7.7
        D:4 |     169 |       0 |   0.0 |      13 |       0 |   0.0
        D:5 |     861 |     249 |  22.4 |      27 |       6 |  18.2
        D:6 |     527 |     865 |  62.1 |       8 |       7 |  46.7
        D:7 |     667 |     145 |  17.9 |      16 |       1 |   5.9
        D:8 |    1252 |    2371 |  65.4 |      19 |      15 |  44.1
        D:9 |    1299 |     341 |  20.8 |       3 |       3 |  50.0
    Ossuary |       0 |     172 | 100.0 |       0 |      16 | 100.0
            +---------+---------+-------+---------+---------+-------
